 Dungeon Crawl Stone Soup version 0.30-a0-965-g42e074c17a (webtiles) character file.

Game seed: 11997807714211471603

18698 cforsyth the Bludgeoner (level 12, -5/105 HPs)
             Began as a Formicid Fighter on Mar 30, 2023.
             Was a Follower of Ru.
             Slain by a very large slime creature (27 damage)
             ... on level 11 of the Dungeon on Mar 31, 2023.
             The game lasted 00:25:56 (16558 turns).

cforsyth the Bludgeoner (Formicid Fighter)         Turns: 16558, Time: 00:25:56

Health: -5/105     AC: 15    Str: 24    XL:     12   Next: 98%
Magic:  10/10      EV:  5    Int: 10    God:    Ru [*.....]
Gold:   699        SH: 16    Dex: 13    Spells: 11/11 levels left

rFire   + + +      SeeInvis +    N - +3 flail (drain)
rCold   + + .      Faith    .    e - +2 shield of Resistance {rF++ rC++ Will++}
rNeg    . . .      Spirit   .    R - +3 plate armour
rPois   .          Reflect  +    (helmet unavailable)
rElec   .          Rampage  .    (no cloak)
rCorr   .                        (no gloves)
Will    +++..                    P - +0 pair of boots Stlth
                                 i - amulet of reflection
HPRegen 0.37/turn                O - ring of protection from fire
MPRegen 0.12/turn                E - ring of flight

@: flying
A: permanent stasis, dig shafts and tunnels, antennae 3, low MP 1, screaming 1,
disrupted magic 1, four strong arms
a: Dig, Shaft Self, Renounce Religion


You were on level 11 of the Dungeon.
You worshipped Ru.
Ru was aware of your devotion.
You visited 2 branches of the dungeon, and saw 13 of its levels.
You also visited: Sewer and Bailey.

You collected 699 gold pieces.

Inventory:

Hand Weapons
 a - a +0 flail
 p - a +2 flail
 H - a +0 morningstar
 N - a +3 flail of draining (weapon)
Missiles
 M - 5 throwing nets
Armour
 e - the +2 shield of Resistance (worn) {rF++ rC++ Will++}
   (You acquired it on level 4 of the Dungeon)

   rF:        It greatly protects you from fire.
   rC:        It greatly protects you from cold.
   Will:      It greatly increases your willpower.
 P - a +0 pair of boots (worn)
 R - a +3 plate armour (worn)
Jewellery
 c - an amulet of regeneration
 i - an amulet of reflection (around neck)
 s - an amulet of the acrobat
 C - a ring of ice
 E - a ring of flight (right hand)
 K - an amulet of guardian spirit
 L - a ring of willpower
 O - a ring of protection from fire (left hand)
 Q - a +6 ring of intelligence
 T - a ring of positive energy
Wands
 b - a wand of polymorph (3)
 G - a wand of charming (7)
 I - a wand of flame (24)
Scrolls
 k - a scroll of identify
 l - 2 scrolls of magic mapping
 n - 9 scrolls of enchant armour
 q - 4 scrolls of brand weapon {unknown}
 t - 2 scrolls of immolation {unknown}
 w - 7 scrolls of teleportation {unknown}
 x - 6 scrolls of enchant weapon
 y - 5 scrolls of fear {unknown}
 F - a scroll of acquirement
 J - 2 scrolls of fog
 S - a scroll of poison
Potions
 d - 6 potions of might
 f - 5 potions of curing
 g - 4 potions of flight
 h - a potion of experience
 j - a potion of invisibility
 m - 4 potions of magic
 o - 6 potions of brilliance
 r - 7 potions of heal wounds
 u - 2 potions of attraction
 v - 2 potions of ambrosia
 z - 2 potions of cancellation
 A - 6 potions of lignification
 B - 3 potions of mutation
 D - 2 potions of resistance


   Skills:
 + Level 13.3 Fighting
 * Level 16.5 Maces & Flails
 - Level 3.2 Armour
 - Level 4.0 Shields


You had 11 spell levels left.
You didn't know any spells.
Your spell library contained the following spells:

 Spells                   Type           Power      Damage    Failure   Level
 Freeze                   Ice            0%         1d3       100%        1
 Kiss of Death            Conj/Necr      0%         2d5       100%        1
 Shock                    Conj/Air       0%         1d3       100%        1
 Slow                     Hex            0%         N/A       100%        1
 Sting                    Tmut/Pois      0%         1d3       100%        1
 Lesser Beckoning         Tloc           0%         N/A       100%        2
 Scorch                   Fire           0%         2d5       100%        2
 Confusing Touch          Hex            0%         N/A       100%        3
 Frozen Ramparts          Ice            0%         1d1       100%        3
 Gell's Gravitas          Tloc           0%         N/A       100%        3
 Hailstorm                Conj/Ice       0%         3d3       100%        3
 Kindle Blastsparks       Fire/Tloc/Air  0%         2d10      100%        3
 Ozocubu's Armour         Ice            0%         N/A       100%        3
 Teleport Other           Tloc           0%         N/A       100%        3
 Vampiric Draining        Necr           0%         2d6       100%        3
 Dispel Undead            Necr           0%         3d6       100%        4
 Flame Wave               Conj/Fire      0%         2d4       100%        4
 Fulminant Prism          Conj/Hex       0%         3d5       100%        4
 Iskenderun's Mystic Bla  Conj/Tloc      0%         2d3       100%        4
 Lee's Rapid Deconstruct  Erth           0%         3d4*      100%        5
 Metabolic Englaciation   Hex/Ice        0%         N/A       100%        5
 Simulacrum               Ice/Necr       0%         N/A       100%        6
 Summon Cactus Giant      Summ           0%         N/A       100%        6
 Ozocubu's Refrigeration  Ice            0%         4d7       100%        7


Dungeon Overview and Level Annotations

Branches:
Dungeon (12/15)            Temple (1/1) D:4            Lair (0/5) D:9
    Orc (0/2) D:10          Sewer (visited)          Bailey (visited)

Altars:
Ashenzari
Cheibriados
Dithmenos
Elyvilon
Fedhas
Gozag
Hepliaklqana
Kikubaaqudgha
Makhleb
Nemelex Xobeh
Okawaru
Qazlal
Ru
Sif Muna
Trog
Uskayaw
Vehumet
Wu Jian
Xom
Yredelemnul
Zin
The Shining One

Shops:
D:1 [   D:6 ?

Annotations:
D:5 2 runed translucent doors, Juicyj's ghost, weakling MiFi


Innate Abilities, Weirdness & Mutations

You cannot be hasted, slowed, berserked, paralysed or teleported.
You can dig through walls and to a lower floor.
You have a pair of large antennae on your head. (SInv)
Your magical capacity is low. (-10% MP)
You occasionally shout uncontrollably at your foes.
Your casting is slightly disrupted.
Your four strong arms can wield two-handed weapons with a shield.


Message History

You are too injured to fight recklessly!
You are too injured to fight recklessly!
The slime creature attacks as you move away!
You block the slime creature's attack.
The slime creature attacks as you move away!
You block the slime creature's attack.
The slime creature attacks as you move away!
You block the slime creature's attack.
You see here a yak skeleton.
The slime creature attacks as you move away!
You block the slime creature's attack.
Two slime creatures merge to form a large slime creature.
Items here: ÷÷÷÷÷.
Two slime creatures merge to form a very large slime creature.
There is a stone staircase leading up here.
You fly upwards.
There is a stone staircase leading down here.
You start resting.
HP restored.
You start waiting.
Done waiting.
You start waiting.
Done waiting.
You fly downwards.
You block the very large slime creature's attack.
There is a stone staircase leading up here.
The very large slime creature hits you!
You fly upwards.
There is a stone staircase leading down here.
The very large slime creature attacks as you move away!
You block the very large slime creature's attack.
The very large slime creature attacks as you move away!
The very large slime creature hits you!
The very large slime creature attacks as you move away!
The very large slime creature hits you!!!
Ouch! That really hurt!
* * * LOW HITPOINT WARNING * * *
The very large slime creature attacks as you move away!
The very large slime creature hits you!!
You die...

####....####................
##.......#.#................#
#............#............).#
##............#.............##
#...........###........)....#.
##.............(..............
#.....#................)......
##.....#..........>.......#....
#...#..##.....@J.........#.....
##......<.......#........#.....
##...........###..............
##[....###......##.............
#..).......###..#..............
##))......##.#)................
###..#...........................
....###.............##......##...
...#.#..[##..........#...........


You could see a very large slime creature.

Vanquished Creatures
  Harold (D:10)
  4 two-headed ogres
  2 orc knights (Bailey)
  A gargoyle (D:10)
  2 trolls
  2 hornets
  Prince Ribbit (D:7)
  A shadow (D:7)
  4 wyverns
  2 wraiths
  A steam dragon (D:6)
  35 yaks
  4 vampire mosquitoes
  5 water moccasins
  2 acid dragons (D:9)
  An ice beast (D:7)
  10 orc warriors
  2 sky beasts (D:7)
  2 ogres
  4 centaurs
  8 kobold brigands
  2 gnoll sergeants (D:6)
  3 bullfrogs
  4 scorpions
  32 wights
  8 killer bees
  3 howler monkeys
  7 hounds
  2 jellies
  2 gnoll boudas
  5 orc priests
  5 iguanas
  A sleepcap (D:6)
  8 orc wizards
  36 gnolls
  14 adders
  A river rat (Sewer)
  3 white imps
  3 worms
  A dart slug (D:1)
  47 orcs
  3 bats
  6 endoplasms
  9 giant cockroaches
  15 goblins
  6 hobgoblins
  4 jackals (D:6)
  34 kobolds
  4 quokkas
  8 ball pythons
  3 frilled lizards (D:1)
  11 rats
384 creatures vanquished.

Vanquished Creatures (others)
  An orc warrior (D:11)
  3 fungi (D:9)
  17 plants (D:9)
21 creatures vanquished.

Grand Total: 405 creatures vanquished

Notes
Turn   | Place    | Note
-------+----------+-------------------------------------------
     0 | D:1      | cforsyth the Formicid Fighter began the quest for the Orb.
     0 | D:1      | Reached XP level 1. HP: 18/18 MP: 1/1
   115 | D:1      | Reached XP level 2. HP: 24/24 MP: 2/2
   130 | D:1      | Found Ilysodif's Armour Emporium.
   154 | D:1      | Found a faded altar of an unknown god.
   487 | D:1      | Reached XP level 3. HP: 25/30 MP: 3/3
   539 | D:1      | Reached skill level 3 in Maces & Flails
  1117 | D:2      | Reached XP level 4. HP: 37/37 MP: 4/4
  1740 | D:3      | Reached skill level 4 in Maces & Flails
  1749 | D:3      | Reached XP level 5. HP: 42/42 MP: 5/5
  2044 | D:3      | Found a glowing golden altar of the Shining One.
  2577 | D:3      | Reached XP level 6. HP: 34/49 MP: 6/6
  2613 | D:4      | Noticed an ogre
  2620 | D:4      | Killed an ogre
  2621 | D:4      | Reached skill level 5 in Fighting
  2621 | D:4      | Reached skill level 5 in Maces & Flails
  2658 | D:4      | Found a glowing drain.
  2751 | Sewer    | Entered a sewer
  2800 | Sewer    | Reached XP level 7. HP: 56/56 MP: 7/7
  2806 | Sewer    | Reached skill level 6 in Maces & Flails
  3171 | D:4      | Identified a scroll of acquirement
  3172 | D:4      | Acquired the +2 shield of Resistance {rF++ rC++ Will++}
  3172 | D:4      | Found the +2 shield of Resistance {rF++ rC++ Will++}
  3321 | D:4      | Found a staircase to the Ecumenical Temple.
  3345 | Temple   | Entered the Ecumenical Temple
  3757 | D:4      | Found an iron altar of Okawaru.
  3851 | D:4      | Found a sparkling altar of Nemelex Xobeh.
  4044 | D:5      | Entered Level 5 of the Dungeon
  4052 | D:5      | Found a large runed translucent door.
  4053 | D:5      | Found a large runed translucent door.
  4063 | D:5      | Reached skill level 7 in Maces & Flails
  4063 | D:5      | Reached XP level 8. HP: 43/64 MP: 8/8
  4644 | D:5      | Found a hazy altar of Hepliaklqana.
  4664 | D:5      | Reached skill level 8 in Maces & Flails
  5092 | D:5      | Noticed Juicyj's ghost (weakling MiFi)
  5793 | D:6      | Reached XP level 9. HP: 58/72 MP: 9/9
  6153 | D:6      | Reached skill level 9 in Maces & Flails
  6358 | D:6      | Found Dotaol's Magic Scroll Boutique.
  6639 | D:6      | Found a sacrificial altar of Ru.
  6652 | D:6      | Became a worshipper of Ru the Awakened
  6655 | D:6      | Found a shimmering altar of Xom.
  6858 | D:6      | Identified the +3 falchion of Putrescence {vamp, rC++}
  7035 | D:6      | Reached skill level 10 in Maces & Flails
  7366 | D:6      | Found a radiant altar of Vehumet.
  7610 | D:7      | Noticed Prince Ribbit
  7620 | D:7      | Killed Prince Ribbit
  7621 | D:7      | Reached XP level 10. HP: 59/82 MP: 10/10
  7652 | D:7      | Reached skill level 11 in Maces & Flails
  8359 | D:7      | Gained mutation: Your casting is slightly disrupted. [Ru
                  | sacrifice]
  8980 | D:7      | Reached skill level 12 in Maces & Flails
  9449 | D:8      | Reached skill level 10 in Fighting
 10060 | D:8      | Found a shimmering blue altar of Sif Muna.
 10065 | D:8      | Reached XP level 11. HP: 92/92 MP: 11/11
 10071 | D:8      | Got Sif Muna's Folio of Arcane Weapons
 10073 | D:8      | Got Sif Muna's Tome of Alteration
 10134 | D:8      | Found a stormy altar of Qazlal.
 10280 | D:8      | Reached skill level 13 in Maces & Flails
 10628 | D:8      | Gained mutation: You occasionally shout uncontrollably at
                  | your foes. [Ru sacrifice]
 11167 | D:9      | Found a flagged portal.
 11181 | Bailey   | Entered a bailey
 11507 | Bailey   | Noticed an orc knight
 11543 | Bailey   | Killed an orc knight
 11716 | Bailey   | Noticed an orc knight
 11754 | Bailey   | Killed an orc knight
 11958 | D:9      | Found a staircase to the Lair.
 11968 | D:9      | Reached skill level 14 in Maces & Flails
 12135 | D:9      | Noticed a two-headed ogre
 12176 | D:8      | Killed a two-headed ogre
 12591 | D:9      | Reached XP level 12. HP: 16/102 MP: 12/12
 13051 | D:9      | Reached skill level 15 in Maces & Flails
 13510 | D:9      | Gained mutation: Your magical capacity is low. (-10% MP)
                  | [Ru sacrifice]
 13510 | D:9      | Reached * piety under Ru
 13630 | D:10     | Entered Level 10 of the Dungeon
 13715 | D:10     | Found a bloodstained altar of Trog.
 13829 | D:10     | Found a staircase to the Orcish Mines.
 13845 | D:10     | Noticed a two-headed ogre
 13861 | D:10     | Killed a two-headed ogre
 14244 | D:10     | Found a hide-covered altar of Uskayaw.
 14557 | D:11     | Noticed a two-headed ogre
 14569 | D:11     | Killed a two-headed ogre
 14837 | D:11     | Noticed Harold
 14846 | D:10     | Reached skill level 16 in Maces & Flails
 15016 | D:11     | Noticed a two-headed ogre
 15023 | D:10     | Killed a two-headed ogre
 15072 | D:10     | Killed Harold
 16558 | D:11     | Slain by a very large slime creature

Illustrated notes

Levels and vault maps discovered:
D:1:      scummos_arrival_simple_fountains, layout_basic,
          hellmonk_ecumenical_altar_arch_garden, serial_shops, shop
D:2:      layout_basic, serial_park_tiny_1, minmay_split_cup_large
D:3:      layout_loops_cross, lemuel_round_altar, serial_glass, glass_columns_a,
          glass_columns_b, chequers_serial_rivers_micro_b
D:4:      layout_cave_pools, okawaru_trees_1, lemuel_tele_altar,
          minmay_temple_entry_statues_fountains, portal_sewer_entry_a
D:5:      layout_loops_ring, nicolae_overflow_crystal_walls,
          ebering_ghost_disaster_area, minivault_23
D:6:      layout_cave_pools, lemuel_coloured_pillars_altar,
          mainiacjoe_overflow_large_starburst, serial_gnoll_camp,
          gnoll_camp_huts_moat, gnoll_camp_mini_hut, gnoll_camp_mini_loothouse,
          gnoll_camp_mini_shop, gnoll_camp_mini_hut, gnoll_camp_mini_doghouse
D:7:      layout_basic, grunt_ministairs_8, uniq_prince_ribbit1
D:8:      minmay_recursive_quarters, layout_layer_cave,
          nicolae_sif_muna_little_library, mainiacjoe_overflow_tiny_flanked
D:9:      layout_irregular_city, minmay_lair_entry_grove, enter_bailey_3
D:10:     layout_loops_cross, trog_butcher_becter, mainiacjoe_overflow_catwalk,
          orc_0_dummy, kennysheep_flooded_box
D:11:     layout_cave_pools, uniq_harold
D:12:     layout_long_grid
Temple:   chequers_temple_sunken

Skill      XL: |  1  2  3  4  5  6  7  8  9 10 11 12 |
---------------+-------------------------------------+-----
Maces & Flails | 3 4 5 7 8 10 12 14 16 | 16.5
Fighting       | 4 5 6 7 8 10 11 13 | 13.3
Armour         | |  3.2
Shields        | |  4.0

Action                     |  1- 3 |  4- 6 |  7- 9 | 10-12 || total
---------------------------+-------+-------+-------+-------++-------
  Melee: Flail             |   115 |   161 |   400 |   770 ||  1446
         Morningstar       |       |       |    90 |       ||    90
 Invoke: Sacrifice Essence |       |       |       |     2 ||     2
         Sacrifice Purity  |       |       |       |     1 ||     1
Ability: Dig               |       |       |       |     1 ||     1
  Evoke: Wand              |       |     2 |       |     7 ||     9
    Use: Scroll            |       |     4 |     6 |    11 ||    21
         Potion            |       |       |       |     3 ||     3
   Stab: Distracted        |       |       |       |     1 ||     1
 Armour: Scale mail        |    41 |    20 |       |       ||    61
         Plate armour      |       |    55 |   168 |   192 ||   415
  Dodge: Dodged            |    56 |    41 |    75 |    82 ||   254
  Block: Buckler           |    50 |   105 |    25 |       ||   180
         Reflection        |       |     1 |    28 |    18 ||    47
         Kite shield       |       |       |   417 |   562 ||   979

Table legend: (Time is in decaauts)
 A = Elapsed time spent in this place.
 B = Non-inter-level travel time spent in this place.
 C = Inter-level travel time spent in this place.
 D = Time resting spent in this place.
 E = Time spent auto-exploring this place.
 F = Levels seen in this place.
 G = Mean time per level.
                   A        B        C        D        E       F      G
               +--------+--------+--------+--------+--------+-----+--------+
         Total |  16721 |  16376 |    345 |   2592 |  10087 |  15 | 1114.7 |
       Dungeon |  15291 |  14965 |    326 |   2592 |   9211 |  12 | 1274.2 |
        Temple |    212 |    193 |     19 |      0 |    187 |   1 |  212.0 |
         Sewer |    480 |    480 |      0 |      0 |    255 |   1 |  480.0 |
        Bailey |    737 |    737 |      0 |      0 |    434 |   1 |  737.0 |
               +--------+--------+--------+--------+--------+-----+--------+

Top non-repeatable levels by time:
     D:5: 2009 daAuts
     D:8: 1856 daAuts
     D:7: 1843 daAuts
     D:9: 1566 daAuts
     D:6: 1456 daAuts
    D:11: 1335 daAuts
    D:10: 1234 daAuts
     D:4: 1000 daAuts
     D:1: 902 daAuts
     D:3: 886 daAuts
     D:2: 877 daAuts
  Bailey: 737 daAuts
   Sewer: 480 daAuts
    D:12: 321 daAuts
  Temple: 212 daAuts
